 Dungeon Crawl Stone Soup version 0.25.0-3-gd7cc5688da (webtiles) character file.

Game seed: 12488141955951200553

17 Ge0ff the Grasshopper (level 2, 0/24 HPs)
             Began as a Demigod Warper on June 15, 2020.
             Succumbed to an adder's poison
             ... on level 2 of the Dungeon.
             The game lasted 00:04:43 (1256 turns).

Ge0ff the Grasshopper (Demigod Warper)              Turns: 1256, Time: 00:04:44

Health: 0/24       AC:  3    Str: 14    XL:     2   Next: 30%
Magic:  7/7        EV: 12    Int: 17    God:
Gold:   116        SH:  0    Dex: 15    Spells: 4/4 levels left

rFire    . . .     SeeInvis .   a - +0 falchion
rCold    . . .     Gourm    .   (no shield)
rNeg     . . .     Faith    .   b - +0 leather armour
rPois    .         Spirit   .   (no helmet)
rElec    .         Reflect  .   (no cloak)
rCorr    .         Harm     .   (no gloves)
MR       .....                  (no boots)
Stlth    ++........             (no amulet)
HPRegen  0.08/turn              (no ring)
MPRegen  0.10/turn              (no ring)

@: brilliant, lethally poisoned (0 -> -6), very slightly contaminated
A: high mp 1
a: no special abilities


You were on level 2 of the Dungeon.
You were not hungry.

You visited 1 branch of the dungeon, and saw 2 of its levels.

You collected 116 gold pieces.

Inventory:

Hand Weapons
 a - a +0 falchion (weapon)
Missiles
 e - 5 boomerangs of dispersal
 v - 6 curare-tipped darts {=f}
 F - 14 sling bullets
 G - a stone (quivered)
 J - 39 bolts
 L - 21 arrows
Armour
 b - a +0 leather armour (worn)
 H - a +0 chain mail
Jewellery
 O - a cursed ring of attention {unknown}
Scrolls
 E - 2 scrolls of fog {unknown}
 I - a scroll of remove curse {unknown}
 K - a scroll of magic mapping {unknown}
 N - a scroll of enchant armour {unknown}
 T - a scroll of teleportation
 U - a scroll of immolation {unknown}
Comestibles
 r - 2 rations


   Skills:
 - Level 1.7 Fighting
 * Level 2.5 Long Blades
 - Level 0.8 Throwing
 - Level 0.8 Armour
 - Level 1.7 Dodging
 + Level 1.1 Stealth
 - Level 1.7 Spellcasting
   Level 2.6 Translocations


You had 4 spell levels left.
You didn't know any spells.
Your spell library contained the following spells:

 Spells                   Type           Power        Failure   Level  Hunger
 Blink                    Tloc           N/A          12%         2    None
 Shroud of Golubria       Chrm/Tloc      #.....       22%         2    None
 Gell's Gravitas          Tloc           ###.......   24%         3    None
 Lesser Beckoning         Tloc           ###.......   24%         3    None
 Teleport Other           Tloc           ###.....     24%         3    None
 Passage of Golubria      Tloc           N/A          63%         4    None


Dungeon Overview and Level Annotations

Branches:
Dungeon (2/15)

Annotations:
D:2 exclusion: 2 adders


Innate Abilities, Weirdness & Mutations

You have an increased reservoir of magic. (+10% MP)


Message History

* * * LOW HITPOINT WARNING * * *
You feel sick.
* * * LOW HITPOINT WARNING * * *
You feel sick.
You aren't carrying any potions.
Unknown command.
Your surroundings suddenly seem different.
* * * LOW HITPOINT WARNING * * *
You feel sick.
Found a dagger and a ring mail.
* * * LOW HITPOINT WARNING * * *
You feel sick.
Found 12 gold pieces.
* * * LOW HITPOINT WARNING * * *
You feel sick.
A bat comes into view.
* * * LOW HITPOINT WARNING * * *
You feel sick. The bat hits you but does no damage.
You die...

.. .# #. ..
####.##S.. ..
..# .((.....#
.## .. #.....#
..# #.# #.# #.#
#..# #.#
..####.# ..##
##.#
#......####.[.#
#.ยง# #.)@.#..#
##S## ##.#.b..#
...# #...##.#
.### #........
## #...####..$.
# #..### b.#.#
# .... ..# .#
.#..# .. # ##
...##.# #..


You could see a bat.

Vanquished Creatures
  2 giant cockroaches
  3 goblins (D:2)
  2 hobgoblins (D:1)
  3 kobolds (D:1)
  A ball python (D:1)
  A frilled lizard (D:2)
  5 rats (D:1)
17 creatures vanquished.

Notes
Turn   | Place    | Note
-------+----------+-------------------------------------------
     0 | D:1      | Ge0ff the Demigod Warper began the quest for the Orb.
     0 | D:1      | Reached XP level 1. HP: 17/17 MP: 5/5
   804 | D:1      | Reached XP level 2. HP: 17/24 MP: 7/7
   885 | D:2      | Reached skill level 1 in Stealth
  1253 | D:2      | HP: 1/24 [poisoned by an adder]
  1256 | D:2      | Succumbed to an adder's poison

Illustrated notes

Levels and vault maps discovered:
D:1:      nzn_arrival_water_spiral, layout_basic, minmay_hedge_maze
D:2:      layout_rooms

Skill      XL: |  1  2 |
---------------+-------+-----
Long Blades    | 2 |  2.5
Stealth        | 1 |  1.1
Fighting       | |  1.7
Throwing       | |  0.8
Armour         | |  0.8
Dodging        | |  1.7
Spellcasting   | |  1.7
Translocations | |  2.6

Action                   || total
-------------------------++-------
Melee: Falchion          ||    55
Throw: Stone             ||     8
  Use: Scroll            ||     3
       Potion            ||     1
 Stab: Sleeping          ||     1
  Eat: Chunk             ||     1
Armor: Leather armour    ||    14
Dodge: Dodged            ||    32
       Rpst.: Falchion   ||    11

Levels and vault maps discovered:
D:1:      nzn_arrival_water_spiral, layout_basic, minmay_hedge_maze
D:2:      layout_rooms
